 Dungeon Crawl Stone Soup version 0.25-a0-1133-g93ebf73 (webtiles) character file.

Game seed: 14832224889857667988, levelgen mode: deterministic

520 thirtiethelement the Cutter (level 7, 0/85 HPs)
             Began as a Demonspawn Abyssal Knight on May 21, 2020.
             Was a Believer of Lugonu.
             Slain by an orc
             ... wielding a +0 flail of holy wrath
              (3 damage)
             ... on level 4 of the Dungeon.
             The game lasted 00:17:16 (3213 turns).

thirtiethelement the Cutter (DsAK)                  Turns: 3213, Time: 00:17:18

Health: 0/85       AC: 23    Str: 14    XL:     7   Next: 1%
Magic:  9/9        EV:  2    Int: 14    God:    Lugonu [**....]
Gold:   111        SH:  0    Dex: 12    Spells: 6/6 levels left

rFire    . . .     SeeInvis .   s - +0 trident (curse)
rCold    . . .     Gourm    .   (no shield)
rNeg     + + +     Faith    .   (armour currently unavailable)
rPois    +         Spirit   .   (helmet currently unavailable)
rElec    .         Reflect  .   (cloak currently unavailable)
rCorr    .         Harm     .   (gloves currently unavailable)
MR       .....     NoTele   +   (boots currently unavailable)
Stlth    +.........             (no amulet)
HPRegen  0.24/turn              (no ring)
MPRegen  0.11/turn              (no ring)

@: lethally poisoned (0 -> -1), tree-form (expiring)
A: rugged brown scales 3
a: Depart the Abyss, Bend Space, Renounce Religion


You were on level 4 of the Dungeon.
You worshipped Lugonu.
Lugonu was pleased with you.
You were hungry.
You were a tree.
You visited 1 branch of the dungeon, and saw 4 of its levels.
You visited the Abyss 1 time.

You collected 111 gold pieces.

Inventory:

Hand Weapons
 a - a +1 falchion
 h - a +1 short sword of draining
 s - a cursed +0 trident (weapon)
Missiles
 b - 16 poisoned darts
 i - 6 atropa-tipped darts (quivered)
Armour
 c - a +0 ring mail (melded)
 d - a scarf of resistance (melded)
 m - a +1 pair of boots (melded)
Scrolls
 f - a scroll of fog
 g - a scroll of noise
 l - a scroll of identify
 n - 2 scrolls of teleportation
Potions
 e - 2 potions of lignification
 j - 2 potions of stabbing {unknown}
 k - a potion of curing {unknown}
 p - 2 potions of invisibility {unknown}
 r - a potion of might {unknown}
Comestibles
 q - a ration


   Skills:
 + Level 4.1 Fighting
 * Level 4.2(4.5) Short Blades
 + Level 2.1(3.4) Long Blades
 + Level 0.7 Throwing
 + Level 2.9 Armour
 + Level 2.6 Dodging
 + Level 0.6 Stealth
 + Level 2.7 Invocations


You had 6 spell levels left.
You didn't know any spells.
Your spell library was empty.

Dungeon Overview and Level Annotations

Branches:
Dungeon (4/15)
 Temple: D:4-7

Altars:
Ashenzari
Makhleb


Innate Abilities, Weirdness & Mutations

((You have sharp fingernails.))
(You are completely covered in rugged brown scales. (AC +3, +7% HP))


Message History

You hit the orc.
You kill the orc!
Lugonu accepts your kill.
You closely miss the orc.
Your transformation is almost over.
The orc wizard casts a spell.
The orc wizard blinks!
You hit the orc.
The orc is heavily wounded.
You feel sick. The orc hits you but does no damage. x2
The phantom hits you but does no damage.
The orc hits you but does no damage.
You hit the orc but do no damage.
The orc is heavily wounded.
The orc hits you but does no damage. x2
The phantom hits you but does no damage.
The orc hits you with a +0 flail of holy wrath.
* * * LOW HITPOINT WARNING * * *
You convulse.
You die...

... #....§..#
..)##.......##
.............#
............#
..........#######
#.......##....#
######.......o#o...#
#...........†oo♣...##
.#...##.......##Wo...#
'...##.########.....#
##'#...............<#
##..oa.####...####+###
).....#...#..........#
......#...#..........#
...###....####.......#
#..#§§##'##.⌠#.......#


You could see a phantom, an orc wizard and 4 orcs.

Vanquished Creatures
  2 ogres (D:4)
  A centaur (D:3)
  An orc priest (D:3)
  2 iguanas (D:3)
  2 worker ants (D:4)
  7 adders
  3 oozes
  2 worms (D:2)
  A dart slug (D:3)
  5 leopard geckos
  8 orcs
  2 bats (D:3)
  A giant cockroach (D:3)
  4 goblins
  4 hobgoblins
  A quokka (D:3)
  2 ball pythons (D:3)
  5 frilled lizards
  5 kobolds
  8 rats
66 creatures vanquished.

Notes
Turn   | Place    | Note
-------+----------+-------------------------------------------
     0 | Abyss:1  | thirtiethelement the Demonspawn Abyssal Knight began the
                  | quest for the Orb.
     0 | Abyss:1  | Reached XP level 1. HP: 18/18 MP: 2/2
    12 | Abyss:1  | Found a corrupted altar of Lugonu.
    32 | Abyss:1  | Noticed a large abomination
    37 | Abyss:1  | Noticed a large abomination
    56 | Abyss:1  | Noticed a wight
    81 | D:1      | Escaped the Abyss
   233 | D:1      | Gained mutation: You are partially covered in rugged brown
                  | scales. (AC +1, +3% HP) [demonic ancestry]
   233 | D:1      | Reached XP level 2. HP: 15/24 MP: 3/3
  1169 | D:2      | Reached * piety under Lugonu
  1169 | D:2      | Reached skill level 1 in Dodging
  1262 | D:2      | Reached XP level 3. HP: 29/29 MP: 5/5
  1725 | D:3      | Reached skill level 1 in Short Blades
  1725 | D:3      | Reached XP level 4. HP: 5/38 MP: 6/6
  2350 | D:3      | Gained mutation: You are mostly covered in rugged brown
                  | scales. (AC +2, +5% HP) [demonic ancestry]
  2350 | D:3      | Reached XP level 5. HP: 14/44 MP: 7/7
  2764 | D:3      | Noticed a centaur
  2781 | D:3      | Killed a centaur
  2781 | D:3      | Gained mutation: You have sharp fingernails. [demonic
                  | ancestry]
  2781 | D:3      | Reached XP level 6. HP: 28/50 MP: 8/8
  2945 | D:3      | Reached ** piety under Lugonu
  2961 | D:3      | Found a burning altar of Makhleb.
  3106 | D:4      | Found a shattered altar of Ashenzari.
  3205 | D:4      | Gained mutation: You are completely covered in rugged brown
                  | scales. (AC +3, +7% HP) [demonic ancestry]
  3205 | D:4      | Reached XP level 7. HP: 5/57 MP: 9/9
  3213 | D:4      | HP: 3/85 [orc/+0 flail of holy wrath (2)]
  3213 | D:4      | Slain by an orc

Illustrated notes

Levels and vault maps discovered:
D:1:      saegor_arrival_simple_a, layout_basic
D:2:      layout_basic
D:3:      layout_basic, lemuel_round_altar, minivault_4, grunt_ministairs_3
D:4:      layout_gridville, evilmike_ruin_ashenzari, first_ration,
          minmay_close_crescents

Skill      XL: |  1  2  3  4  5  6 |
---------------+-------------------+-----
Armour         | 2 |  2.9
Long Blades    | 2 |  2.1
Dodging        | 1 2 |  2.6
Short Blades   | 1 2 3 4 |  4.2
Fighting       | 4 |  4.1
Throwing       | |  0.7
Stealth        | |  0.6
Invocations    | |  2.7

Action                   |  1- 3 |  4- 6 |  7- 9 || total
-------------------------+-------+-------+-------++-------
Melee: Short sword       |   109 |   126 |       ||   235
       Falchion          |     1 |       |       ||     1
       Trident           |       |    24 |     8 ||    32
Throw: Dart              |       |     7 |       ||     7
Invok: Depart the Abyss  |     1 |       |       ||     1
       Bend Space        |       |     1 |       ||     1
  Use: Scroll            |       |     5 |       ||     5
       Potion            |       |     1 |       ||     1
  Eat: Ration            |     1 |     1 |       ||     2
Armor: Leather armour    |    36 |    19 |       ||    55
       Ring mail         |       |    29 |       ||    29
       Skin              |       |     2 |    11 ||    13
Dodge: Dodged            |    56 |   101 |       ||   157

Table legend:
 A = Non-vault XP
 B = Vault XP
 C = Vault XP percentage of total XP
 D = Non-vault monster count
 E = Vault monster count
 F = Vault count percentage of total count
                 A         B        C        D         E       F
            +---------+---------+-------+---------+---------+-------
      Total |     727 |      16 |   2.2 |      64 |       2 |   3.0
            +---------+---------+-------+---------+---------+-------
        D:1 |      17 |       0 |   0.0 |       8 |       0 |   0.0
        D:2 |      57 |       0 |   0.0 |      14 |       0 |   0.0
        D:3 |     332 |      16 |   4.6 |      34 |       2 |   5.6
        D:4 |     321 |       0 |   0.0 |       8 |       0 |   0.0
            +---------+---------+-------+---------+---------+-------
